 Dungeon Crawl Stone Soup version 0.24-a0-280-g7cec4da (webtiles) character file.

Game seed: 6042925254886877168

136 TheGoonsmith the Shield-Bearer (level 5, 0/42 HPs)
             Began as a Formicid Fighter on Apr 22, 2019.
             Killed by divine providence
             ... invoked by an orc priest
              (16 damage)
             ... on level 2 of the Dungeon on May 1, 2019.
             The game lasted 00:04:35 (1717 turns).

TheGoonsmith the Shield-Bearer (Formicid Fighter)   Turns: 1717, Time: 00:04:35

Health: 0/42       AC:  8    Str: 22    XL:     5   Next: 43%
Magic:  5/5        EV:  8    Int:  7    God:
Gold:   90         SH:  9    Dex: 10    Spells: 4/4 levels left

rFire    . . .     SeeInvis +   a - +0 war axe
rCold    . . .     Gourm    .   c - +0 shield
rNeg     . . .     Faith    .   b - +0 scale mail
rPois    .         Spirit   .   (helmet unavailable)
rElec    .         Reflect  .   s - +0 cloak
rCorr    .         Harm     .   t - +0 pair of gloves
MR       .....                  p - -2 pair of boots (curse)
Stlth    ..........             (no amulet)
HPRegen  0.14/turn              (no ring)
MPRegen  0.09/turn              (no ring)

@: no status effects
A: permanent stasis, dig shafts and tunnels, four strong arms, antennae 3
a: Dig, Shaft Self


You were on level 2 of the Dungeon.
You were hungry.

You visited 1 branch of the dungeon, and saw 3 of its levels.

You collected 90 gold pieces.

Inventory:

Hand Weapons
 a - a +0 war axe (weapon)
Missiles
 n - 12 bolts
Armour
 b - a +0 scale mail (worn)
 c - a +0 shield (worn)
 p - a cursed -2 pair of boots (worn)
 s - a +0 cloak (worn)
 t - a +0 pair of gloves (worn)
Scrolls
 h - 3 scrolls of identify
 i - a scroll of fear {unknown}
 j - a scroll of fog {unknown}
 k - a scroll of immolation {unknown}
 l - a scroll of magic mapping {unknown}
 m - a scroll of teleportation {unknown}
 q - a scroll of enchant weapon {unknown}
Potions
 d - a potion of might
 e - a potion of ambrosia
 g - a potion of curing {unknown}
 o - a potion of invisibility {unknown}
 r - a potion of degeneration {unknown}
Comestibles
 f - 6 rations


   Skills:
 + Level 4.0 Fighting
 * Level 3.6 Axes
 + Level 4.0 Armour
 + Level 4.4 Shields


You had 4 spell levels left.
You didn't know any spells.
Your spell library was empty.

Dungeon Overview and Level Annotations

Branches:
Dungeon (3/15)

Altars:


Innate Abilities, Weirdness & Mutations

You cannot be hasted, slowed, berserked, paralysed or teleported.
You can dig through walls and to a lower floor.
Your four strong arms can wield two-handed weapons with a shield.
You have a pair of large antennae on your head. (SInv)


Message History

You climb upwards.
There is a stone staircase leading down here.
Your shield and scale mail prevent you from hitting the orc priest.
The orc priest calls down the wrath of Beogh upon you.
Beogh smites you! The orc priest hits you.
You closely miss the orc priest.
The orc priest begins to cast a cantrip, but forgets the words!
Your shield and scale mail prevent you from hitting the orc priest.
The orc priest hits you but does no damage.
The orc priest mumbles some strange prayers to Beogh against you.
Beogh smites you!
You are too injured to fight recklessly!
You hit the orc priest.
The orc priest is moderately wounded.
The orc priest barely misses you.
You hit the orc priest but do no damage.
The orc priest is moderately wounded.
The orc priest mumbles some strange prayers to Beogh against you.
Beogh smites you!
You die...

#'###### .....# .....#
.....# ###### ..####
#....#
..######....######
.......#.........#
#..>...#........(#
'......'........@#
#......####....o.#
#......# #......#
#......#
#......##########
########
#......#........# ###
#######.##.#####.# ..#
#.......#....###.#
..####
#..............#.#
.....#
#............#.#.#######


You could see an orc priest.

Vanquished Creatures
  Natasha (thrice) (D:2)
  An adder (D:2)
  An ooze (D:2)
  3 dart slugs (D:1)
  3 leopard geckos
  A giant cockroach (D:1)
  8 hobgoblins
  5 kobolds
  A quokka (D:2)
  3 bats
  7 goblins
  3 rats
39 creatures vanquished.

Notes
Turn   | Place    | Note
-------+----------+-------------------------------------------
     0 | D:1      | TheGoonsmith the Formicid Fighter began the quest for the
                  | Orb.
     0 | D:1      | Reached XP level 1. HP: 18/18 MP: 1/1
   165 | D:1      | Reached XP level 2. HP: 24/24 MP: 2/2
   439 | D:1      | Reached XP level 3. HP: 25/29 MP: 3/3
   440 | D:1      | Upgraded the game from 0.24-a0-269-g32ec7ca to
                  | 0.24-a0-274-gb3763e6
   440 | D:1      | Upgraded the game from 0.24-a0-274-gb3763e6 to
                  | 0.24-a0-277-g67e6301
   440 | D:1      | Upgraded the game from 0.24-a0-277-g67e6301 to
                  | 0.24-a0-278-gefa1973
   440 | D:1      | Upgraded the game from 0.24-a0-278-gefa1973 to
                  | 0.24-a0-280-g7cec4da
  1032 | D:2      | Reached XP level 4. HP: 37/37 MP: 4/4
  1169 | D:2      | Noticed Natasha
  1179 | D:2      | Killed Natasha
  1383 | D:2      | Noticed Natasha
  1391 | D:2      | Killed Natasha
  1391 | D:2      | Reached XP level 5. HP: 33/42 MP: 5/5
  1579 | D:2      | Noticed Natasha
  1584 | D:2      | Killed Natasha
  1717 | D:2      | Killed from afar by an orc priest

Levels and vault maps discovered:
D:1:      dpeg_arrival_long_road, layout_basic, minmay_misc_feat_ornament,
          minmay_pentomino_o2
D:2:      layout_basic, first_ration, uniq_natasha
D:3:      layout_basic, glass_columns_c, minmay_misc_feat_more_columns,
          hangedman_decor_diamond_cutter, okawaru_trees_2

Skill      XL: |  1  2  3  4  5 |
---------------+----------------+-----
Shields        | 4 |  4.4
Axes           | 3 |  3.6
Fighting       | 4 |  4.0
Armour         | 4 |  4.0

Action                   |  1- 3 |  4- 6 || total
-------------------------+-------+-------++-------
Melee: War axe           |    90 |    63 ||   153
  Use: Scroll            |       |     1 ||     1
  Eat: Chunk             |       |     2 ||     2
Armor: Scale mail        |    39 |    21 ||    60
Dodge: Dodged            |    27 |    21 ||    48
Block: Shield            |    59 |    26 ||    85

Table legend:
 A = Non-vault XP
 B = Vault XP
 C = Vault XP percentage of total XP
 D = Non-vault monster count
 E = Vault monster count
 F = Vault count percentage of total count
                 A         B        C        D         E       F
            +---------+---------+-------+---------+---------+-------
      Total |     155 |      40 |  20.5 |      36 |       3 |   7.7
            +---------+---------+-------+---------+---------+-------
        D:1 |      39 |       5 |  11.4 |      18 |       2 |  10.0
        D:2 |     116 |      35 |  23.2 |      18 |       1 |   5.3
            +---------+---------+-------+---------+---------+-------
